 Dungeon Crawl Stone Soup version 0.20.1-1-g8b1a95d66d (webtiles) character file.

11725 Inkary the Fighter (level 11, 0/104 HPs)
             Began as a Minotaur Gladiator on Nov 19, 2017.
             Was a High Priest of Okawaru.
             Killed from afar by Josephine (20 damage)
             ... with a ghostly fireball
             ... on level 11 of the Dungeon.
             The game lasted 00:26:47 (9962 turns).

Inkary the Fighter (Minotaur Gladiator)             Turns: 9962, Time: 00:26:49

Health: 0/104      AC: 13    Str: 27    XL:     11   Next: 53%
Magic:  13/13      EV: 16    Int:  5    God:    Okawaru [*****.]
Gold:   545        SH:  8    Dex: 19    Spells: 10/10 levels left

rFire    + . .     SeeInvis .   u - +7 spear
rCold    + + .     Gourm    .   F - +1 buckler {AC+3}
rNeg     . . .     Faith    +   G - +1 ring mail {rC+}
rPois    +         Spirit   .   c - +0 hat
rElec    +         Reflect  .   j - +0 cloak
rCorr    +         Harm     .   (no gloves)
MR       +....                  N - +1 pair of boots {run}
Stlth    ++........             M - amulet of faith
Regen    0.3/turn               X - ring of poison resistance
MPRegen  0.2/turn               m - ring of protection from magic

@: mighty, agile, resistant, slowed, heavily drained, very slow
A: retaliatory headbutt, horns 2, blink, strong 1
a: Blink, Heroism, Finesse, Renounce Religion


You were on level 11 of the Dungeon.
You worshipped Okawaru.
Okawaru was extremely pleased with you.
You were full.

You visited 2 branches of the dungeon, and saw 12 of its levels.
You also visited: Ossuary.

You collected 719 gold pieces.
You spent 174 gold pieces at shops.

Inventory:

Hand Weapons
 u - a +7 spear (weapon)
Missiles
 d - 4 throwing nets (quivered)
Armour
 c - a +0 hat (worn)
 j - a +0 cloak (worn)
 F - a +1 buckler of protection (worn)
 G - a +1 ring mail of cold resistance (worn)
 N - a +1 pair of boots of running (worn)
Jewellery
 m - a ring of protection from magic (right hand)
 w - an uncursed amulet of the gourmand
 x - an uncursed ring of flight
 A - an uncursed ring of fire
 D - an uncursed ring of ice
 J - an uncursed ring of protection from fire
 L - an uncursed ring of resist corrosion
 M - an amulet of faith (around neck)
 W - an uncursed amulet of regeneration
 X - a ring of poison resistance (left hand)
Wands
 g - a wand of digging (19/24)
Scrolls
 b - 2 scrolls of brand weapon {unknown}
 i - 4 scrolls of recharging
 k - 9 scrolls of teleportation
 l - 2 scrolls of amnesia {unknown}
 n - 2 scrolls of magic mapping
 o - 2 scrolls of fog
 y - 10 scrolls of remove curse
 C - 3 scrolls of blinking
 E - 2 scrolls of fear
 S - a scroll of enchant armour {unknown}
 U - a scroll of noise {unknown}
Potions
 a - a potion of resistance
 e - 2 potions of lignification
 h - 3 potions of curing
 p - 6 potions of flight
 r - 2 potions of heal wounds {unknown}
 v - a potion of berserk rage {unknown}
 z - a potion of agility
 B - 3 potions of degeneration {unknown}
 H - a potion of brilliance {unknown}
 I - 2 potions of invisibility
 K - 3 potions of might
 P - a potion of ambrosia {unknown}
 R - 3 potions of magic {unknown}
 V - a potion of cancellation {unknown}
 Z - a potion of mutation {unknown}
Miscellaneous
 Y - a box of beasts
Comestibles
 f - 9 bread rations
 q - 4 royal jellies
 s - 28 fruits
 t - 9 meat rations


   Skills:
 - Level 12.0(9.2) Fighting
 - Level 10.5(8.3) Polearms
   Level 5.5(6.2) Staves
 - Level 2.0(0.0) Throwing
 + Level 6.6(4.2) Armour
 - Level 3.2(1.0) Dodging
 - Level 11.5(8.8) Shields
 + Level 4.4(2.1) Invocations


You had 10 spell levels left.
You didn't know any spells.

Dungeon Overview and Level Annotations

Branches:
Dungeon (11/15)            Temple (1/1) D:5            Lair (0/6) D:10
    Orc: D:9-12

Altars:
Ashenzari
Cheibriados
Dithmenos
Elyvilon
Fedhas
Gozag
Hepliaklqana
Kikubaaqudgha
Makhleb
Nemelex Xobeh
Okawaru
Qazlal
Ru
Sif Muna
Trog
Uskayaw
Vehumet
Xom
Yredelemnul
Zin
The Shining One

Shops:
D:4 %?}   D:6 *

Annotations:
D:3 Natasha
D:11 Josephine


Innate Abilities, Weirdness & Mutations

You reflexively headbutt those who attack you in melee.
You have a pair of horns on your head.
You can translocate small distances at will.
Your muscles are strong. (Str +2)


Message History

You feel as though you will be slow longer.
Josephine is infused with unholy energy.
* * * LOW HITPOINT WARNING * * *
Josephine draws life force from you and is healed!
The wraith hits you.
* * * LOW HITPOINT WARNING * * *
You feel better. You block Josephine's attack. The wraith closely misses you.
You furiously retaliate!
You headbutt the wraith!
You destroy the wraith!
Okawaru accepts your kill. The wraith completely misses you.
Josephine hits you with a dagger of venom.
* * * LOW HITPOINT WARNING * * *
You are poisoned.
The wraith completely misses you. You furiously retaliate!
You headbutt the wraith.
You feel better.
Josephine points at you and mumbles some strange words.
The ghostly flame explodes!
The ghostly fireball engulfs you!
You feel drained.
You die...

#.##... ..... # #.##
#...... ......# #...
#.#.... ....# ####
#.....#######.##### #
#.................###
#...............(....
#.....%..............
#..W.................
##.@@..............(.
#...............#######
#####...........#
#.......=...#
#...........#
##+##########


You could see Josephine and a wraith.

Vanquished Creatures
  3 two-headed ogres
  Urug (D:11)
  An ugly thing (D:11)
  A gargoyle (D:11)
  Joseph (D:8)
  A centaur skeleton (D:10)
  2 hippogriffs
  A vampire (D:9)
  4 wraiths (D:11)
  A wyvern (D:10)
  5 yaks (D:10)
  A hungry ghost (D:9)
  Menkaure (D:6)
  4 orc warriors
  A sky beast (D:6)
  A black bear (D:9)
  An eye of draining (D:7)
  6 ice beasts
  4 phantoms
  4 ogres
  A necrophage (D:10)
  3 centaurs
  Blork the orc (D:5)
  2 big kobolds
  2 gnoll sergeants (D:6)
  5 bullfrogs
  6 scorpions (Ossuary)
  3 killer bees (D:9)
  3 howler monkeys
  5 wights (D:8)
  3 centaur zombies
  A bullfrog zombie (D:7)
  2 crimson imps
  3 hounds
  2 jellies
  A bullfrog skeleton (D:5)
  8 orc priests
  10 orc wizards
  3 human zombies (Ossuary)
  4 iguanas
  12 worker ants
  Natasha (twice) (D:3)
  A big kobold zombie (Ossuary)
  2 hound skeletons
  3 mummies (Ossuary)
  Robin (D:3)
  16 gnolls
  12 adders
  2 scorpion zombies (Ossuary)
  A shadow imp (D:11)
  An ooze (D:5)
  2 adder zombies
  2 worms
  A dart slug (D:2)
  7 leopard geckos
  36 orcs
  7 bats
  7 giant cockroaches
  13 goblins
  6 hobgoblins
  4 jackals
  3 quokkas
  A ball python (D:2)
  6 frilled lizards
  A gnoll zombie (Ossuary)
  2 goblin zombies (Ossuary)
  4 hobgoblin zombies (Ossuary)
  8 kobolds
  4 kobold zombies (Ossuary)
  11 rats
290 creatures vanquished.

Notes
Turn   | Place    | Note
-------+----------+-------------------------------------------
     0 | D:1      | Inkary the Minotaur Gladiator began the quest for the Orb.
     0 | D:1      | Reached XP level 1. HP: 18/18 MP: 0/0
    98 | D:1      | Reached skill level 1 in Armour
   176 | D:1      | Reached XP level 2. HP: 24/25 MP: 1/1
   754 | D:2      | Reached XP level 3. HP: 26/30 MP: 2/2
   865 | D:2      | Found a hide-covered altar of Uskayaw.
   925 | D:2      | Reached skill level 5 in Staves
   927 | D:2      | Found a radiant altar of Vehumet.
  1338 | D:3      | Noticed Natasha
  1354 | D:3      | Killed Natasha
  1354 | D:3      | Reached XP level 4. HP: 27/37 MP: 3/3
  1391 | D:3      | Reached skill level 1 in Polearms
  1442 | D:3      | Noticed Robin
  1450 | D:3      | Killed Robin
  1549 | D:3      | Reached XP level 5. HP: 42/42 MP: 4/4
  1648 | D:3      | Noticed Natasha
  1654 | D:3      | Killed Natasha
  1910 | D:3      | Noticed Natasha
  2071 | D:4      | Found Nixkuock's Magic Scroll Shop.
  2078 | D:4      | Bought a scroll of fog for 20 gold pieces
  2078 | D:4      | Bought a scroll of magic mapping for 35 gold pieces
  2078 | D:4      | Bought a scroll of enchant weapon for 75 gold pieces
  2112 | D:4      | Found Secacey's Food Emporium.
  2284 | D:4      | Reached XP level 6. HP: 49/50 MP: 5/5
  2355 | D:4      | Found Efued's Gadget Boutique.
  2640 | D:5      | Entered Level 5 of the Dungeon
  2653 | D:5      | Noticed Blork the orc
  2664 | D:5      | Killed Blork the orc
  2664 | D:5      | Reached skill level 5 in Polearms
  2822 | D:5      | Reached XP level 7. HP: 52/56 MP: 6/6
  2912 | D:5      | Found a staircase to the Ecumenical Temple.
  2937 | Temple   | Entered the Ecumenical Temple
  3324 | D:5      | Found a sparkling altar of Nemelex Xobeh.
  3379 | D:5      | Found an opulent altar of Gozag.
  3925 | D:6      | Reached XP level 8. HP: 40/62 MP: 7/7
  3929 | D:6      | Found a sparkling altar of Nemelex Xobeh.
  4093 | D:6      | Reached skill level 10 in Polearms
  4117 | D:6      | Found a sacrificial altar of Ru.
  4557 | D:6      | Found an iron altar of Okawaru.
  4561 | D:6      | Became a worshipper of Warmaster Okawaru
  4609 | D:6      | Found a shadowy altar of Dithmenos.
  4616 | D:6      | Reached skill level 1 in Shields
  4663 | D:6      | Noticed Menkaure
  4679 | D:6      | Killed Menkaure
  4679 | D:6      | Reached skill level 3 in Fighting
  4975 | D:6      | Reached skill level 4 in Fighting
  5333 | D:6      | Found Oxkecoph's General Store.
  5338 | D:6      | Bought a potion of agility for 44 gold pieces
  5413 | D:7      | Reached * piety under Okawaru
  5413 | D:7      | Reached skill level 5 in Fighting
  5441 | D:7      | Found a sand-covered staircase.
  5457 | Ossuary  | Entered an ossuary
  5490 | Ossuary  | Reached XP level 9. HP: 74/74 MP: 8/8
  5518 | Ossuary  | Reached skill level 5 in Shields
  5611 | Ossuary  | Reached skill level 6 in Fighting
  5933 | D:7      | Found a snail-covered altar of Cheibriados.
  5943 | D:7      | Found a glowing golden altar of the Shining One.
  6011 | D:7      | Reached ** piety under Okawaru
  6011 | D:7      | Reached skill level 7 in Fighting
  6219 | D:7      | Identified a +1 pair of boots of running (You found it on level 7 of the Dungeon)
  6245 | D:7      | Found a bloodstained altar of Trog.
  6369 | D:8      | Reached skill level 8 in Fighting
  6440 | D:8      | Noticed a two-headed ogre
  6446 | D:8      | Killed a two-headed ogre
  6446 | D:8      | Reached *** piety under Okawaru
  6446 | D:8      | Reached skill level 9 in Fighting
  6549 | D:8      | Noticed Joseph
  6557 | D:8      | Killed Joseph
  6557 | D:8      | Reached XP level 10. HP: 77/91 MP: 6/9
  6619 | D:8      | Found a shattered altar of Ashenzari.
  7234 | D:9      | Reached skill level 10 in Fighting
  7489 | D:9      | Reached **** piety under Okawaru
  7627 | D:9      | Noticed a two-headed ogre
  7634 | D:9      | Killed a two-headed ogre
  7634 | D:9      | Reached skill level 10 in Shields
  7670 | D:9      | Found a basalt altar of Yredelemnul.
  7711 | D:9      | Received a gift from Okawaru
  7770 | D:9      | Reached skill level 11 in Fighting
  8166 | D:10     | Entered Level 10 of the Dungeon
  8475 | D:10     | Reached XP level 11. HP: 103/103 MP: 10/10
  8513 | D:10     | Reached ***** piety under Okawaru
  8669 | D:10     | You fall through a shaft!
  8758 | D:11     | Reached skill level 12 in Fighting
  9051 | D:10     | Found a staircase to the Lair.
  9114 | D:10     | Reached skill level 1 in Invocations
  9620 | D:11     | Noticed Urug
  9622 | D:11     | Noticed a green ugly thing
  9622 | D:11     | Noticed a two-headed ogre
  9646 | D:11     | Killed a green ugly thing
  9646 | D:11     | Reached skill level 5 in Armour
  9655 | D:11     | Killed a two-headed ogre
  9667 | D:11     | Killed Urug
  9673 | D:11     | Gained mutation: Your muscles are strong. (Str +2) [mutagenic meat]
  9674 | D:11     | Gained mutation: You can translocate small distances at will. [mutagenic meat]
  9734 | D:11     | Received a gift from Okawaru
  9942 | D:11     | Noticed Josephine
  9960 | D:11     | HP: 3/104 [Josephine/vampiric draining (12)]
  9962 | D:11     | Killed from afar by Josephine

Skill      XL: |  1  2  3  4  5  6  7  8  9 10 11 |
---------------+----------------------------------+-----
Armour         | 1 2 3 4 6 |  6.6
Staves         | 4 5 |  5.5
Polearms       | 2 4 6 9 10 | 10.5
Shields        | 4 8 11 | 11.5
Fighting       | 5 9 11 12 | 12.0
Invocations    | 4 |  4.4
Throwing       | |  2.0
Dodging        | |  3.2

Action                   |  1- 3 |  4- 6 |  7- 9 | 10-12 || total
-------------------------+-------+-------+-------+-------++-------
Melee: Quarterstaff      |    81 |       |       |       ||    81
       Headbutt          |     9 |    17 |    71 |   108 ||   205
       Spear             |    11 |   119 |   365 |   475 ||   970
Invok: Heroism           |       |       |     2 |     4 ||     6
  Use: Potion            |     1 |       |     1 |     7 ||     9
       Scroll            |       |     6 |     4 |     7 ||    17
 Stab: Sleeping          |       |     1 |       |       ||     1
  Eat: Chunk             |     1 |    13 |    10 |    18 ||    42
Armor: Leather armour    |    23 |     4 |       |       ||    27
       Chain mail        |       |    15 |    33 |       ||    48
       Ring mail         |       |       |    30 |    78 ||   108
       Skin              |       |       |       |     2 ||     2
Dodge: Dodged            |    54 |    35 |    65 |   104 ||   258
Block: Buckler           |       |       |    20 |    78 ||    98
